 Dungeon Crawl Stone Soup version 0.25-a0-665-ga69d64035b (webtiles) character file.

Game seed: 13699008626239115327, levelgen mode: deterministic

755 ReteAZ the Ruffian (level 7, -4/61 HPs)
             Began as a Ghoul Fighter on Mar 26, 2020.
             Slain by a black bear (10 damage)
             ... on level 5 of the Dungeon.
             The game lasted 00:05:13 (3553 turns).

ReteAZ the Ruffian (Ghoul Fighter)                  Turns: 3553, Time: 00:05:14

Health: -4/61      AC:  7    Str: 20    XL:     7   Next: 79%
Magic:  6/6        EV:  7    Int:  5    God:
Gold:   287        SH:  9    Dex:  8    Spells: 6/6 levels left

rFire    . . .     SeeInvis .     - Unarmed
rCold    + . .     Gourm    .   b - +0 kite shield
rNeg     + + +     Faith    .   a - +0 scale mail
rPois    ∞         Spirit   .   (no helmet)
rElec    .         Reflect  .   (no cloak)
rCorr    .         Harm     .   (no gloves)
MR       .....                  (no boots)
Stlth    ..........             (no amulet)
HPRegen  0.00/turn              (no ring)
MPRegen  0.10/turn              (no ring)

@: rotting
A: rotting body, claws 1, carnivore, cold resistance 1, negative energy
resistance 3, inhibited regeneration, torment resistance, unbreathing
a: no special abilities


You were on level 5 of the Dungeon.
You were not hungry.

You visited 1 branch of the dungeon, and saw 5 of its levels.

You collected 383 gold pieces.
You spent 96 gold pieces at shops.

Inventory:

Missiles
 i - 46 poisoned darts (quivered)
 q - a throwing net
Armour
 a - a +0 scale mail (worn)
 b - a +0 kite shield (worn)
Jewellery
 r - an uncursed ring of protection from magic {unknown}
 x - an uncursed ring of protection from magic {unknown}
Wands
 n - a wand of flame (12)
 t - a wand of iceblast (5)
Scrolls
 f - a scroll of magic mapping {unknown}
 g - 5 scrolls of remove curse {unknown}
 j - 4 scrolls of teleportation
 l - 3 scrolls of enchant armour {unknown}
 o - 3 scrolls of fear {unknown}
 p - 3 scrolls of identify {unknown}
 s - 2 scrolls of amnesia {unknown}
 u - a scroll of blinking {unknown}
 v - 3 scrolls of fog {unknown}
 y - a scroll of immolation {unknown}
Potions
 c - a potion of might
 e - 2 potions of cancellation {unknown}
 h - 2 potions of heal wounds
 k - a potion of flight {unknown}
 m - 5 potions of brilliance {unknown}
 z - a potion of stabbing {unknown}
 A - a potion of mutation {unknown}
 B - a potion of resistance {unknown}
Comestibles
 d - 7 rations


   Skills:
 + Level 5.2 Fighting
 + Level 4.3 Armour
 + Level 4.3 Shields
 * Level 6.1 Unarmed Combat


You had 6 spell levels left.
You didn't know any spells.
Your spell library contained the following spells:

 Spells                   Type           Power        Failure   Level  Hunger
 Animate Skeleton         Necr           N/A          99%         1    ##.....
 Apportation              Tloc           #.....       99%         1    ##.....
 Corona                   Hex            #......      99%         1    ##.....
 Summon Small Mammal      Summ           #...         99%         1    ##.....


Dungeon Overview and Level Annotations

Branches:
Dungeon (5/15)             Temple (0/1) D:5

Altars:
Uskayaw

Shops:
D:4 (}=**

Annotations:
D:4 Pikel


Innate Abilities, Weirdness & Mutations

Your body is rotting away.
You thrive on raw meat.
You are immune to poison.
You have sharp fingernails.
You are carnivorous and can eat meat at any time.
Your flesh is cold resistant. (rC+)
You are immune to negative energy. (rN+++)
You do not regenerate when monsters are visible.
You are immune to unholy pain and torment.
You can survive without breathing.


Message History

The black bear is almost dead.
The black bear bites you.
* * * LOW HITPOINT WARNING * * *
The black bear closely misses you. You block the black bear's attack.
The black bear bites you.
* * * LOW HITPOINT WARNING * * *
The black bear claws you.
* * * LOW HITPOINT WARNING * * *
The black bear claws you but does no damage.
You closely miss the black bear.
The black bear is almost dead.
The black bear bites you.
* * * LOW HITPOINT WARNING * * *
You block the black bear's attack. The black bear closely misses you.
You closely miss the black bear.
The black bear is almost dead.
The black bear looks more healthy.
The black bear barely misses you. You block the black bear's attack.
The black bear barely misses you. The black bear bites you!
You die...

#.... ####.
.....# #####.....
......##...⌠.....
!.....#.......([
......#.⌠.>.⌠...
..#.....((.(#
..#....(⌠...#
#.#h#####.###
#.#@# # ###
#######.#.# .(#
#......#..# #.#
#.#####.### #.#
#.# #.#
#.#####.#####.#
#..............
#...###..####.#
#.#.# #..# #.#


You could see a black bear (berserk).

Vanquished Creatures
  Sigmund (D:4)
  An ice beast (D:5)
  An ogre (D:4)
  Blork the orc (D:4)
  A scorpion (D:4)
  A crimson imp (D:5)
  A hound (D:4)
  An orc priest (D:4)
  2 orc wizards (D:4)
  A worker ant (D:4)
  A hound skeleton (D:5)
  3 adders
  2 shadow imps
  A worm (D:4)
  A dart slug (D:2)
  2 leopard geckos
  9 orcs
  4 giant cockroaches
  5 goblins
  8 hobgoblins
  8 jackals
  A ball python (D:1)
  2 ball python skeletons (D:4)
  3 bats
  9 frilled lizards
  4 kobolds
  A quokka zombie (D:5)
  7 rats
82 creatures vanquished.

Notes
Turn   | Place    | Note
-------+----------+-------------------------------------------
     0 | D:1      | ReteAZ the Ghoul Fighter began the quest for the Orb.
     0 | D:1      | Reached XP level 1. HP: 19/19 MP: 0/0
   154 | D:1      | Reached XP level 2. HP: 26/26 MP: 1/1
   708 | D:2      | Reached XP level 3. HP: 30/30 MP: 2/2
   774 | D:2      | Reached skill level 3 in Unarmed Combat
  1327 | D:2      | Reached XP level 4. HP: 40/40 MP: 3/3
  2455 | D:4      | Found Koddem's General Store.
  2455 | D:4      | Noticed Blork the orc
  2466 | D:4      | Killed Blork the orc
  2466 | D:4      | Reached skill level 4 in Unarmed Combat
  2466 | D:4      | Reached XP level 5. HP: 31/46 MP: 4/4
  2481 | D:4      | Bought a scroll of teleportation for 36 gold pieces
  2481 | D:4      | Bought a potion of heal wounds for 60 gold pieces
  2488 | D:4      | Found a hide-covered altar of Uskayaw.
  2489 | D:4      | Noticed a +0 hand axe
  2490 | D:4      | Noticed a +0 hand axe
  2520 | D:4      | Found Yxtiwkall's Gadget Emporium.
  2529 | D:4      | Found Nerituuck's Jewellery Emporium.
  2618 | D:4      | Found Liber's Assorted Antiques.
  2639 | D:4      | Reached XP level 6. HP: 38/52 MP: 5/5
  2643 | D:4      | Noticed Sigmund
  2656 | D:4      | Killed Sigmund
  2656 | D:4      | Reached skill level 5 in Unarmed Combat
  2691 | D:4      | Noticed a slave
  2693 | D:4      | Noticed a slave
  2695 | D:4      | Noticed Pikel
  2697 | D:4      | Noticed a slave
  2699 | D:4      | Noticed a slave
  3017 | D:4      | Reached XP level 7. HP: 41/58 MP: 6/6
  3159 | D:4      | Found Tifre's Weapon Emporium.
  3378 | D:5      | Entered Level 5 of the Dungeon
  3389 | D:5      | Reached skill level 5 in Fighting
  3517 | D:5      | Reached skill level 6 in Unarmed Combat
  3530 | D:5      | Found a staircase to the Ecumenical Temple.
  3553 | D:5      | Slain by a black bear

Levels and vault maps discovered:
D:1:      dpeg_arrival_short_road, layout_loops_ring, minmay_pentomino_v2
D:2:      layout_loops_ring
D:3:      layout_loops_corners
D:4:      layout_loops_ring, dancing_weapons_uskayaw, serial_shops, shop, shop,
          nicolae_shop_crystal, shop, nicolae_shop_window_shopping,
          uniq_blork_the_orc, uniq_sigmund, uniq_pikel
D:5:      layout_loops_ring, gammafunk_temple_overflow_forgotten,
          nicolae_overflow_hidden_temple, temple_fountains, enter_ossuary_1,
          first_ration

Skill      XL: |  1  2  3  4  5  6  7 |
---------------+----------------------+-----
Armour         | 3 4 |  4.3
Unarmed Combat | 3 4 5 6 |  6.1
Shields        | 3 4 |  4.3
Fighting       | 4 5 |  5.2

Action                   |  1- 3 |  4- 6 |  7- 9 || total
-------------------------+-------+-------+-------++-------
Melee: Unarmed           |   118 |   145 |    93 ||   356
Throw: Dart              |       |     4 |     3 ||     7
Evoke: Wand              |       |     1 |       ||     1
  Eat: Chunk             |    10 |    15 |    11 ||    36
Armor: Scale mail        |    54 |    48 |    39 ||   141
Dodge: Dodged            |    34 |    34 |    18 ||    86
Block: Kite shield       |    37 |    52 |    33 ||   122

Table legend:
 A = Non-vault XP
 B = Vault XP
 C = Vault XP percentage of total XP
 D = Non-vault monster count
 E = Vault monster count
 F = Vault count percentage of total count
                 A         B        C        D         E       F
            +---------+---------+-------+---------+---------+-------
      Total |     762 |     317 |  29.4 |      78 |       4 |   4.9
            +---------+---------+-------+---------+---------+-------
        D:1 |      30 |       3 |   9.1 |      19 |       2 |   9.5
        D:2 |      55 |       0 |   0.0 |      18 |       0 |   0.0
        D:3 |      15 |       0 |   0.0 |       8 |       0 |   0.0
        D:4 |     435 |     314 |  41.9 |      27 |       2 |   6.9
        D:5 |     227 |       0 |   0.0 |       6 |       0 |   0.0
            +---------+---------+-------+---------+---------+-------
